 Dungeon Crawl Stone Soup version 0.26-a0-639-g72c4674329 (webtiles) character file.

Game seed: 12695887966290725796

1651 PentaManta the Chopper (level 9, -1/71 HPs)
             Began as a Formicid Abyssal Knight on Sept 19, 2020.
             Was a Priest of Lugonu.
             Slain by a killer bee (4 damage)
             ... on level 6 of the Dungeon.
             The game lasted 00:16:14 (9609 turns).

PentaManta the Chopper (Formicid Abyssal Knight)    Turns: 9609, Time: 00:16:14

Health: -1/71      AC:  7    Str: 20    XL:     9   Next: 19%
Magic:  9/10       EV: 12    Int: 12    God:    Lugonu [***...]
Gold:   469        SH:  0    Dex: 10    Spells: 8/8 levels left

rFire    . . .     SeeInvis +   a - +1 hand axe
rCold    . . .     Faith    .   (no shield)
rNeg     + . .     Spirit   .   c - +1 ring mail {rPois}
rPois    +         Reflect  .   (helmet unavailable)
rElec    .         Harm     .   (no cloak)
rCorr    .         Rampage  .   (no gloves)
MR       .....                  (no boots)
Stlth    ..........             (no amulet)
HPRegen  0.21/turn              d - ring of positive energy
MPRegen  0.12/turn              (no ring)

@: no status effects
A: permanent stasis, dig shafts and tunnels, four strong arms, antennae 3
a: Dig, Shaft Self, Depart the Abyss, Bend Space, Banish, Renounce Religion


You were on level 6 of the Dungeon.
You worshipped Lugonu.
Lugonu was most pleased with you.
You visited 2 branches of the dungeon, and saw 8 of its levels.
You visited the Abyss 1 time.

You collected 469 gold pieces.

Inventory:

Hand Weapons
 a - a +1 hand axe (weapon)
Missiles
 l - 8 poisoned darts (quivered)
Armour
 c - a +1 ring mail of poison resistance (worn)
 j - a +0 scale mail
Jewellery
 d - a ring of positive energy (left hand)
Wands
 p - a wand of flame (21)
Scrolls
 b - a scroll of magic mapping
 f - 2 scrolls of amnesia
 g - 2 scrolls of fear
 q - 2 scrolls of identify
 r - a scroll of remove curse
 s - 2 scrolls of vulnerability {unknown}
 v - a scroll of enchant armour
 w - 2 scrolls of random uselessness {unknown}
 x - 2 scrolls of fog
Potions
 e - a potion of lignification
 h - 2 potions of curing
 i - a potion of cancellation
 k - a potion of heal wounds
 m - a potion of flight
 n - a potion of invisibility {unknown}
 o - a potion of brilliance {unknown}
 t - a potion of stabbing {unknown}
 u - 2 potions of degeneration {unknown}


   Skills:
 + Level 6.6 Fighting
 * Level 7.1 Axes
 + Level 5.6 Armour
 + Level 4.3 Dodging
 - Level 2.4 Invocations


You had 8 spell levels left.
You didn't know any spells.
Your spell library contained the following spells:

 Spells                   Type           Power        Failure   Level
 Magic Dart               Conj           #...         47%         1
 Call Imp                 Summ           #.......     63%         2
 Slow                     Hex            #.......     63%         2
 Conjure Flame            Conj/Fire      #.......     85%         3
 Mephitic Cloud           Conj/Pois/Air  #.......     85%         3
 Blink                    Tloc           Unusable     N/A         2

Dungeon Overview and Level Annotations

Branches:
Dungeon (7/15)             Temple (1/1) D:4

Altars:
Ashenzari
Dithmenos
Elyvilon
Fedhas
Gozag
Nemelex Xobeh
Qazlal
Ru
Sif Muna
Trog
Uskayaw
Xom
Yredelemnul
Zin
The Shining One
Lugonu

Shops:
D:5 (


Innate Abilities, Weirdness & Mutations

You cannot be hasted, slowed, berserked, paralysed or teleported.
You can dig through walls and to a lower floor.
Your four strong arms can wield two-handed weapons with a shield.
You have a pair of large antennae on your head. (SInv)


Message History

Aim: a killer bee (lightly wounded)
You throw a poisoned dart.
The poisoned dart misses the killer bee.
The killer bee closely misses you. The centaur hits you.
* * * LOW HITPOINT WARNING * * *
The killer bee closely misses you.
Okay, then.
Okay, then.
As you read the scroll of fog, it crumbles to dust.
The scroll dissolves into smoke.
The centaur hits you!
* * * LOW HITPOINT WARNING * * *
The killer bee closely misses you. The centaur hits you.
* * * LOW HITPOINT WARNING * * *
The killer bee stings you but does no damage.
Unknown command.
Space bends around you!
You blink.
The killer bee stings you but does no damage.
The centaur wields a +0 shortbow.
The centaur shoots an arrow.
The arrow misses you. The killer bee stings you.
You die...

#....#.........<..
#....#.......<....
#....#............
#....'............
#....#............
######.....#######
#§c§§§.....#.....#
#§§§§#.....#.....#
#@y§§#.....#.....#
#####§#.....##...##
#............#...##
#............#....#
#.<..........#....'
#............'....#
#............######
#............#...##
#............#...##


You could see a centaur and a killer bee.

Vanquished Creatures
  Sigmund (D:5)
  Menkaure (D:6)
  An orc warrior (D:6)
  2 sky beasts
  4 ogres
  A centaur (D:5)
  A wyvern skeleton (D:6)
  A scorpion (D:5)
  A crimson imp (D:6)
  2 bullfrog zombies
  An orc priest (D:3)
  A bullfrog skeleton (D:6)
  An iguana (D:6)
  4 orc wizards
  A worker ant (D:6)
  A hound zombie (D:6)
  A howler monkey skeleton (D:5)
  9 adders
  3 shadow imps
  3 white imps (D:6)
  2 ufetubi
  2 oozes
  An adder zombie (D:7)
  2 worms
  4 dart slugs
  2 leopard geckos (D:1)
  2 orcs
  10 bats
  6 giant cockroaches
  10 goblins
  2 hobgoblins
  3 jackals (D:6)
  10 kobolds
  A quokka (D:4)
  4 ball pythons
  8 frilled lizards
  6 rats
115 creatures vanquished.

Vanquished Creatures (others)
  A demonic plant (Temple)
1 creature vanquished.

Grand Total: 116 creatures vanquished

Notes
Turn   | Place    | Note
-------+----------+-------------------------------------------
     0 | Abyss:1  | PentaManta the Formicid Abyssal Knight began the quest for
                  | the Orb.
     0 | Abyss:1  | Reached XP level 1. HP: 18/18 MP: 2/2
    44 | Abyss:1  | Noticed a rakshasa
    46 | Abyss:1  | Noticed a large abomination
    64 | Abyss:1  | Noticed a thrashing horror
    77 | Abyss:1  | Noticed a smoke demon
    94 | D:1      | Escaped the Abyss
   451 | D:1      | Reached XP level 2. HP: 22/24 MP: 3/3
   604 | D:1      | Reached skill level 1 in Dodging
   769 | D:1      | Reached XP level 3. HP: 30/30 MP: 4/4
   770 | D:1      | Reached ** piety under Lugonu
   843 | D:1      | Found a sparkling altar of Nemelex Xobeh.
  1605 | D:2      | Reached XP level 4. HP: 34/37 MP: 5/5
  1964 | D:2      | Found a stormy altar of Qazlal.
  2037 | D:2      | Found a hide-covered altar of Uskayaw.
  2297 | D:2      | Found a shimmering blue altar of Sif Muna.
  2672 | D:2      | Reached skill level 3 in Axes
  2672 | D:2      | Reached XP level 5. HP: 32/43 MP: 6/6
  3015 | D:3      | Reached XP level 6. HP: 30/49 MP: 7/7
  3228 | D:3      | You fall into a shaft and drop 1 floor!
  3569 | D:3      | Found a bloodstained altar of Trog.
  3569 | D:3      | Found a glowing silver altar of Zin.
  3837 | D:3      | Found a glowing golden altar of the Shining One.
  4266 | D:4      | Found a staircase to the Ecumenical Temple.
  4359 | Temple   | Entered the Ecumenical Temple
  4944 | D:4      | Found a basalt altar of Yredelemnul.
  4946 | D:4      | Found a shimmering altar of Xom.
  4946 | D:4      | Found a hide-covered altar of Uskayaw.
  4951 | D:4      | Reached *** piety under Lugonu
  4982 | D:4      | Found a radiant altar of Vehumet.
  4982 | D:4      | Found a shimmering altar of Xom.
  4982 | D:4      | Found a sacrificial altar of Ru.
  5040 | D:5      | Entered Level 5 of the Dungeon
  5041 | D:5      | Noticed a sky beast
  5050 | D:5      | HP: 2/50 [centaur (5)]
  5235 | D:4      | Killed a sky beast
  5235 | D:4      | Reached skill level 5 in Fighting
  5235 | D:4      | Reached skill level 4 in Axes
  5340 | D:5      | Noticed an ogre
  5698 | D:4      | Killed an ogre
  5698 | D:4      | Reached XP level 7. HP: 10/56 MP: 8/8
  6372 | D:5      | Noticed Sigmund
  6390 | D:5      | Killed Sigmund
  6390 | D:5      | Reached skill level 5 in Axes
  6390 | D:5      | Reached XP level 8. HP: 27/63 MP: 9/9
  6611 | D:5      | Found a shadowy altar of Dithmenos.
  6810 | D:5      | Found Luygelua's Antique Weapon Emporium.
  7344 | D:6      | Reached skill level 6 in Axes
  7937 | D:5      | Reached skill level 5 in Armour
  8008 | D:6      | Noticed Menkaure
  8016 | D:6      | Killed Menkaure
  8494 | D:6      | Reached XP level 9. HP: 22/70 MP: 10/10
  9233 | D:6      | Reached skill level 7 in Axes
  9539 | D:7      | Found a blossoming altar of Fedhas.
  9609 | D:6      | Slain by a killer bee

Illustrated notes

Levels and vault maps discovered:
D:1:      saegor_arrival_simple_e, layout_basic, minmay_misc_feat_plants,
          nemelex_altar_shiori
D:2:      layout_loops_cross, overflow_temple_1_default, led_sif_pool,
          eat_drink_and_be_merry_uskayaw, minmay_pentomino_s4
D:3:      layout_basic, chequers_temple_overflow_statue_of_worship,
          nicolae_overflow_hidden_temple, minmay_close_crescents, uniq_terence
D:4:      layout_basic, doesnt_xom_only_xom, minmay_temple_entry_large_hall,
          kennysheep_generic_room_2
D:5:      layout_cave_pools, nicolae_dithmenos_the_darkroom, serial_shops,
          nicolae_shop_trees, uniq_sigmund
D:6:      layout_gridville, minmay_fire_ice_demons, uniq_menkaure
D:7:      layout_basic, nicolae_overflow_crystal_walls,
          overflow_temple_1_default, cheibrodos_worm_habitat, kennysheep_mini,
          fedhas_altar_2, uniq_prince_ribbit1
Temple:   corrupted_temple

Skill      XL: |  1  2  3  4  5  6  7  8  9 |
---------------+----------------------------+-----
Dodging        | 1 2 3 4 |  4.3
Fighting       | 4 5 6 |  6.6
Axes           | 3 4 5 6 7 |  7.1
Armour         | 3 4 5 |  5.6
Invocations    | |  2.4

Action                   |  1- 3 |  4- 6 |  7- 9 || total
-------------------------+-------+-------+-------++-------
Melee: Hand axe          |   101 |   226 |   264 ||   591
Throw: Dart              |       |       |     9 ||     9
Invok: Bend Space        |       |       |     7 ||     7
 Abil: Dig               |     3 |     3 |       ||     6
  Use: Scroll            |       |    15 |     1 ||    16
       Potion            |       |     2 |     2 ||     4
Armor: Ring mail         |    62 |    96 |    88 ||   246
Dodge: Dodged            |    65 |   153 |   153 ||   371

Table legend: (Time is in decaauts)
 A = Elapsed time spent in this place.
 B = Non-inter-level travel time spent in this place.
 C = Inter-level travel time spent in this place.
 D = Time resting spent in this place.
 E = Time spent auto-exploring this place.
 F = Levels seen in this place.
 G = Mean time per level.
                   A        B        C        D        E       F      G
               +--------+--------+--------+--------+--------+-----+--------+
         Total |   9672 |   9486 |    186 |   2760 |   5139 |   9 | 1074.7 |
       Dungeon |   9536 |   9350 |    186 |   2760 |   5115 |   7 | 1362.3 |
        Temple |     40 |     40 |      0 |      0 |     24 |   1 |   40.0 |
         Abyss |     94 |     94 |      0 |      0 |      0 |   1 |   94.0 |
               +--------+--------+--------+--------+--------+-----+--------+

Top non-repeatable levels by time:
     D:6: 2154 daAuts
     D:4: 2040 daAuts
     D:5: 1488 daAuts
     D:2: 1377 daAuts
     D:1: 1295 daAuts
     D:3: 1062 daAuts
     D:7: 117 daAuts
 Abyss:1: 94 daAuts
  Temple: 40 daAuts
